 Dungeon Crawl Stone Soup version 0.26.1-2-gb8aa6d0cf2 (webtiles) character file.

Game seed: 12142923539886122897

7951 nightchill the Party-goer (level 11, -9/89 HPs)
             Began as a Formicid Fighter on Mar 12, 2021.
             Was a High Priest of Uskayaw.
             Mangled by a hellwing (10 damage)
             ... summoned by a kobold demonologist
             ... on level 10 of the Dungeon on Mar 14, 2021.
             The game lasted 00:21:19 (10326 turns).

nightchill the Party-goer (Formicid Fighter)       Turns: 10326, Time: 00:21:19

Health: -9/89      AC:  4    Str: 21 (22) XL:     11   Next: 46%
Magic:  18/18      EV:  5    Int:  8      God:    Uskayaw [*****.]
Gold:   637        SH: 11    Dex: 16      Spells: 10/10 levels left

rFire    . . .     SeeInvis +   k - +6 short sword (elec)
rCold    . . .     Faith    +   c - +1 kite shield
rNeg     . . .     Spirit   .   s - +0 chain mail
rPois    .         Reflect  .   (helmet unavailable)
rElec    .         Harm     .   (no cloak)
rCorr    .         Rampage  .   g - +2 pair of gloves {archery}
Will     +....                  (no boots)
Stlth    +.........             F - amulet of faith
HPRegen  0.24/turn              n - +6 ring of dexterity
MPRegen  0.16/turn              p - +4 ring of protection

@: corroded
A: permanent stasis, dig shafts and tunnels, four strong arms, antennae 3,
deterioration 1, mutation resistance 1, weak 1, MP-powered wands
a: Dig, Shaft Self, Renounce Religion, Stomp, Line Pass, Grand Finale


You were on level 10 of the Dungeon.
You worshipped Uskayaw.
Uskayaw was aware of your devotion.
You visited 2 branches of the dungeon, and saw 11 of its levels.

You collected 637 gold pieces.

Inventory:

Hand Weapons
 a - a +1 long sword
 k - a +6 short sword of electrocution (weapon)
 B - a +3 short sword of venom
 H - a +0 rapier
 R - a +2 dagger of speed
Missiles
 l - 8 boomerangs of dispersal
 P - 7 curare-tipped darts
Armour
 b - a +0 scale mail
 c - a +1 kite shield (worn)
 g - a +2 pair of gloves of archery (worn)
 s - a +0 chain mail (worn)
Magical Staves
 M - an uncursed staff of fire {unknown}
Jewellery
 n - a +6 ring of dexterity (left hand)
 p - a +4 ring of protection (right hand)
 A - an uncursed ring of stealth
 F - an amulet of faith (around neck)
Wands
 v - a wand of flame (58)
 y - a wand of disintegration (5)
 O - a wand of acid (10)
 Q - a wand of random effects (33)
Scrolls
 d - 4 scrolls of remove curse {unknown}
 f - a scroll of noise
 h - a scroll of enchant weapon
 i - 6 scrolls of teleportation
 w - 2 scrolls of blinking {unknown}
 D - 4 scrolls of identify
 I - 5 scrolls of fog {unknown}
 K - 2 scrolls of fear {unknown}
 L - a scroll of immolation {unknown}
 N - 2 scrolls of enchant armour
 S - a scroll of amnesia
Potions
 e - 4 potions of flight
 j - 2 potions of lignification
 m - 2 potions of cancellation {unknown}
 o - a potion of resistance {unknown}
 q - 2 potions of brilliance {unknown}
 r - a potion of degeneration
 t - 3 potions of attraction {unknown}
 u - 2 potions of mutation
 x - a potion of haste {unknown}
 z - 4 potions of curing {unknown}
 C - a potion of might
 E - a potion of ambrosia
 G - a potion of berserk rage {unknown}
 J - a potion of invisibility {unknown}


   Skills:
 + Level 9.1 Fighting
 * Level 9.0(9.9) Short Blades
 - Level 6.5(8.8) Long Blades
 - Level 3.2 Armour
 - Level 8.6 Stealth
 - Level 3.6 Shields
 * Level 9.8 Invocations


You had 10 spell levels left.
You didn't know any spells.
Your spell library contained the following spells:

 Spells                   Type           Power        Failure   Level
 Corona                   Hex            0%           100%        1
 Shock                    Conj/Air       0%           100%        1
 Summon Small Mammal      Summ           0%           100%        1
 Call Imp                 Summ           0%           100%        2
 Ensorcelled Hibernation  Hex/Ice        0%           100%        2
 Call Canine Familiar     Summ           0%           100%        3
 Confusing Touch          Hex            0%           100%        3
 Dazzling Flash           Conj/Hex       0%           100%        3
 Static Discharge         Conj/Air       0%           100%        3
 Summon Guardian Golem    Hex/Summ       0%           100%        3
 Tukima's Dance           Hex            0%           100%        3
 Airstrike                Air            0%           100%        4
 Summon Ice Beast         Ice/Summ       0%           100%        4
 Summon Lightning Spire   Summ/Air       0%           100%        4
 Lightning Bolt           Conj/Air       0%           100%        5
 Swiftness                Air            Unusable     N/A         2

Dungeon Overview and Level Annotations

Branches:
Dungeon (10/15)            Temple (1/1) D:5            Lair (0/6) D:8
    Orc: D:9-12

Altars:
Ashenzari
Cheibriados
Dithmenos
Elyvilon
Fedhas
Gozag
Hepliaklqana
Kikubaaqudgha
Makhleb
Nemelex Xobeh
Okawaru
Qazlal
Ru
Sif Muna
Trog
Uskayaw
Vehumet
Wu Jian
Xom
Yredelemnul
Zin
The Shining One

Shops:
D:5 (

Annotations:
D:4 3 runed translucent doors, onconomicon's ghost, amateur KoDe
D:9 2 runed translucent doors, kuzco6543's ghost, journeyman OgAE


Innate Abilities, Weirdness & Mutations

You cannot be hasted, slowed, berserked, paralysed or teleported.
You can dig through walls and to a lower floor.
Your four strong arms can wield two-handed weapons with a shield.
You have a pair of large antennae on your head. (SInv)
Your body sometimes deteriorates upon taking damage.
You are somewhat resistant to further mutation.
You are weak. (Str -2)
You expend magic power (3 MP) to strengthen your wands.


Message History

You closely miss the kobold demonologist.
The kobold demonologist is moderately wounded.
The hellwing hits you.
* * * LOW HITPOINT WARNING * * *
The hellwing hits you.
* * * LOW HITPOINT WARNING * * *
You hit the white imp.
The white imp is lightly wounded.
The kobold demonologist hits you but does no damage.
You block the orc wizard's attack. The rust devil hits you.
The rust devil corrodes you! The white imp gestures at you.
The puff of frost hits you!
* * * LOW HITPOINT WARNING * * *
Your body deteriorates!
You feel weakened.
The shadow imp disappears for a moment.
You hit the kobold demonologist but do no damage.
The kobold demonologist is moderately wounded.
The hellwing hits you!
You die...

#...........####
##.
#.####..##......
...
#...............
...
#..#####.#######
#.#
#[.#......♣♣.#{{
#
#..#..♣(.....#{
#.#5...(....# #
{
#5#o..5()♣h.#o.
#.@K♣.♣⌠P.....#
#4#4♣.)♣...o##.
#.#.....P...#
#.#♣........#
#.#...♣.....#
#.#####.#####
#.# .K. #. ..#.
{ ..#


You could see a hellwing (summoned), a rust devil (summoned), a kobold
demonologist, an orc wizard, a crimson imp (summoned), a white imp (summoned)
and a shadow imp (summoned).

Vanquished Creatures
  A centaur warrior (D:10)
  A two-headed ogre (D:9)
  A cyclops (D:9)
  A kobold demonologist (D:9)
  2 trolls
  Grinder (D:4)
  Sigmund (D:5)
  A wyvern (D:8)
  Duvessa (D:4)
  An orc warrior (D:8)
  4 phantoms
  3 ice beasts
  A black bear (D:6)
  A sky beast (D:10)
  4 ogres
  3 centaurs
  9 big kobolds (D:9)
  4 bullfrogs
  Dowan (D:4)
  4 scorpions
  A water moccasin skeleton (D:7)
  6 killer bees (D:9)
  4 wights (D:10)
  7 howler monkeys
  A crimson imp (D:6)
  2 centaur zombies
  A quasit (D:7)
  5 orc priests
  A bullfrog skeleton (D:10)
  5 hounds
  6 orc wizards
  4 iguanas
  Ijyb (D:4)
  Terence (D:3)
  7 worker ants
  A hound zombie (D:10)
  A howler monkey zombie (D:9)
  8 adders
  8 gnolls (D:6)
  4 shadow imps
  A white imp (D:6)
  5 ufetubi
  An ooze (D:3)
  An adder skeleton (D:6)
  5 worms
  3 dart slugs
  4 leopard geckos
  19 orcs
  6 bats
  5 giant cockroaches
  3 goblins
  11 hobgoblins
  18 jackals
  5 quokkas
  2 ball pythons
  5 frilled lizards
  A jackal zombie (D:5)
  29 kobolds
  11 kobold skeletons (D:9)
  7 kobold zombies (D:9)
  10 rats
271 creatures vanquished.

Vanquished Creatures (others)
  11 plants (D:10)
11 creatures vanquished.

Grand Total: 282 creatures vanquished

Notes
Turn   | Place    | Note
-------+----------+-------------------------------------------
     0 | D:1      | nightchill the Formicid Fighter began the quest for the
                  | Orb.
     0 | D:1      | Reached XP level 1. HP: 18/18 MP: 1/1
    80 | D:1      | Reached XP level 2. HP: 18/24 MP: 2/2
    82 | D:1      | Reached skill level 1 in Stealth
   793 | D:2      | Reached XP level 3. HP: 20/29 MP: 3/3
  1411 | D:2      | Reached XP level 4. HP: 36/37 MP: 4/4
  1946 | D:3      | Noticed Terence
  1971 | D:3      | Killed Terence
  1972 | D:3      | Reached XP level 5. HP: 36/42 MP: 5/5
  2527 | D:4      | Gained mutation: Your body sometimes deteriorates upon
                  | taking damage. [potion of mutation]
  2527 | D:4      | Gained mutation: You expend magic power (3 MP) to
                  | strengthen your wands. [potion of mutation]
  2527 | D:4      | Gained mutation: You are weak. (Str -2) [potion of
                  | mutation]
  2527 | D:4      | Gained mutation: You are somewhat resistant to further
                  | mutation. [potion of mutation]
  2606 | D:4      | Noticed a phantom
  2694 | D:4      | Killed a phantom
  2695 | D:4      | Reached XP level 6. HP: 33/49 MP: 6/6
  2846 | D:4      | Found a runed translucent gate.
  2848 | D:4      | Found a runed translucent gate.
  3009 | D:4      | Reached skill level 5 in Long Blades
  3055 | D:4      | Reached XP level 7. HP: 55/55 MP: 7/7
  3083 | D:4      | Reached skill level 5 in Fighting
  3171 | D:4      | Noticed Grinder
  3180 | D:4      | Killed Grinder
  3310 | D:4      | Reached skill level 5 in Stealth
  3511 | D:4      | Reached XP level 8. HP: 57/63 MP: 8/8
  3513 | D:4      | Noticed Duvessa
  3532 | D:4      | Killed Duvessa
  3564 | D:4      | Noticed Dowan
  3574 | D:4      | Killed Dowan
  3575 | D:4      | Noticed Ijyb
  3583 | D:4      | Killed Ijyb
  3584 | D:4      | Reached skill level 1 in Short Blades
  4019 | D:4      | Found a runed translucent gate.
  4020 | D:4      | Noticed onconomicon's ghost (amateur KoDe)
  4393 | D:5      | Entered Level 5 of the Dungeon
  4410 | D:5      | Found a staircase to the Ecumenical Temple.
  4564 | D:5      | Found Itel Qib's Antique Weapon Emporium.
  4584 | Temple   | Entered the Ecumenical Temple
  4766 | D:5      | Noticed Sigmund
  4898 | D:5      | Killed Sigmund
  5008 | D:5      | Found a hide-covered altar of Uskayaw.
  5011 | D:5      | Noticed a +0 dagger
  5012 | D:5      | Noticed a +0 hand axe
  5024 | D:5      | Became a worshipper of Uskayaw the Reveller
  5121 | D:5      | Reached * piety under Uskayaw
  5124 | D:5      | Reached ** piety under Uskayaw
  5125 | D:5      | Reached XP level 9. HP: 71/71 MP: 9/9
  5163 | D:5      | Reached skill level 1 in Invocations
  5788 | D:6      | Reached *** piety under Uskayaw
  5931 | D:6      | Reached **** piety under Uskayaw
  6790 | D:7      | Reached skill level 5 in Short Blades
  7076 | D:7      | Noticed a moth of wrath
  7080 | D:7      | Found a bloodstained altar of Trog.
  7180 | D:7      | Reached skill level 5 in Invocations
  7185 | D:7      | Reached ***** piety under Uskayaw
  7209 | D:7      | Reached XP level 10. HP: 78/79 MP: 13/13
  7643 | D:8      | Found a staircase to the Lair.
  8497 | D:8      | Noticed a lindwurm
  8497 | D:8      | Noticed a lindwurm
  8503 | D:8      | Noticed a lindwurm
  8505 | D:8      | Noticed a lindwurm
  8795 | D:9      | Noticed a two-headed ogre
  8803 | D:9      | Killed a two-headed ogre
  9006 | D:9      | Found a large runed translucent door.
  9006 | D:9      | Found a large runed translucent door.
  9008 | D:9      | Noticed kuzco6543's ghost (journeyman OgAE)
  9151 | D:9      | Noticed a cyclops
  9156 | D:9      | Killed a cyclops
  9311 | D:9      | Noticed a kobold demonologist
  9340 | D:9      | Killed a kobold demonologist
  9341 | D:9      | Reached XP level 11. HP: 78/87 MP: 17/17
  9371 | D:9      | Reached ****** piety under Uskayaw
  9395 | D:9      | Found an ancient bone altar of Kikubaaqudgha.
  9911 | D:10     | Entered Level 10 of the Dungeon
 10267 | D:10     | Found an iron altar of Okawaru.
 10283 | D:10     | Noticed a centaur warrior
 10294 | D:10     | Killed a centaur warrior
 10325 | D:10     | HP: 1/89 [white imp/puff of frost[a kobold demonologist]
                  | (13)]
 10326 | D:10     | Mangled by a hellwing

Illustrated notes

Levels and vault maps discovered:
D:1:      zelgadis_glass_arrival_small, layout_basic, minmay_pentomino_s2
D:2:      layout_loops_cross
D:3:      layout_loops_cross, uniq_terence
D:4:      minmay_chambers_of_fours, layout_loops_ring,
          gammafunk_ghost_necromancy, minmay_cupped, uniq_duvessa, uniq_grinder,
          uniq_ijyb
D:5:      cheibrodos_helix_gallery, layout_basic, dancing_weapons_uskayaw,
          minmay_temple_entry_statues, serial_shops, nicolae_shop_stone,
          uniq_sigmund
D:6:      layout_basic, kennysheep_small_spiral, minmay_fire_ice_demons
D:7:      layout_rooms, tgw_trog
D:8:      layout_loops_ring, lair_entry_dummy, chequers_mini_garden,
          minmay_lindwurm_lava
D:9:      wander_kiku_kobolds, layout_rooms, ebering_ghost_disaster_area
D:10:     minmay_the_grid_4x2 [minmay_the_grid_garden, minmay_the_grid_all_tris,
          minmay_the_grid_stretched_grid, minmay_the_grid_tri_star,
          minmay_the_grid_expand, minmay_the_grid_minigrid_large,
          minmay_the_grid_outer_diamond, minmay_the_grid_prize_inner_circle],
          layout_rooms, basic_altar, hangedman_decor_diamond_cutter,
          lightli_fourway_metalbox
Temple:   grunt_wide_crystal_templ

Skill      XL: |  1  2  3  4  5  6  7  8  9 10 11 |
---------------+----------------------------------+-----
Stealth        | 1 2 3 4 5 6 7 8 |  8.6
Long Blades    | 3 4 5 6 |  6.5
Fighting       | 4 5 6 7 8 9 |  9.1
Short Blades   | 3 5 7 9 |  9.0
Invocations    | 5 8 9 |  9.8
Armour         | |  3.2
Shields        | |  3.6

Action                   |  1- 3 |  4- 6 |  7- 9 | 10-12 || total
-------------------------+-------+-------+-------+-------++-------
Melee: Long sword        |   125 |   150 |    98 |       ||   373
       Short sword       |       |       |   199 |   320 ||   519
 Abil: Dig               |       |       |       |     1 ||     1
Evoke: Wand              |       |       |     1 |       ||     1
  Use: Scroll            |       |     6 |     1 |       ||     7
       Potion            |       |     3 |     2 |     1 ||     6
 Stab: Paralysed         |       |       |     5 |    17 ||    22
Armor: Scale mail        |    57 |     7 |       |       ||    64
       Chain mail        |       |   113 |   150 |   127 ||   390
       Skin              |       |    22 |       |     3 ||    25
Dodge: Dodged            |    34 |    41 |    52 |    54 ||   181
Block: Kite shield       |    56 |   100 |   126 |   139 ||   421
       Rpst.: Long sword |    10 |    12 |     7 |       ||    29
